[Event "Romanian Team Blitz Open 2022"]
[Site "Sebes"]
[Date "2022.12.04"]
[Round "8.23"]
[White "Simina, Alexandru-Ioan"]
[Black "Dragomirescu, Calin"]
[Result "0-1"]
[ECO "E61"]
[WhiteElo "1244"]
[BlackElo "1971"]
[Annotator "TA"]
[PlyCount "70"]
[EventDate "2022.12.04"]
[EventType "blitz"]
[EventCountry "ROU"]
[SourceTitle "playchess.com"]
[Source "ChessBase"]
[SourceQuality "1"]
[TimeControl "180+2"]

1. d4 Nf6 2. c4 g6 3. Nc3 Bg7 4. Bf4 O-O 5. Nf3 d6 6. e3 b6 7. Be2 Bb7 8. O-O Nh5 {[%emt 0:00:04] E61: King's Indian: Early deviations for White, including Smyslov System.} (8... Ne4 $11) 9. Bg3 (9. Bg5 $14) 9... Nxg3 $11 10. hxg3 Nd7 {[%emt 0:00:04] [#] The position is equal.} 11. b4 $146 ({Predecessor:} 11. e4 e5 12. d5 a5 13. a3 f5 14. exf5 Rxf5 15. Bd3 Rf8 16. Qd2 Nc5 17. Bc2 {0-1 (55) Iljushina,O (2054)-Alinasab,M (2325) Chess.com INT 2022}) 11... a5 12. a3 e5 13. dxe5 Nxe5 14. Nxe5 Bxe5 {[%emt 0:00:05] This pair of bishops is nice.} 15. Rc1 axb4 16. axb4 Bg7 17. Qb3 h5 18. b5 h4 {[%emt 0:00:01] Hoping for ...hxg3.} 19. g4 h3 20. gxh3 (20. Nd5 $11) 20... Qh4 $17 21. Kh2 Rae8 {[%emt 0:00:27] Black is more active.} (21... f5 $1 $17 {[%cal Rf5g4] ( -> ...fxg4)} 22. f4 (22. c5+ $2 Kh7 $19) 22... Rfe8) 22. Nd5 $11 g5 (22... f5 $11 23. Rc2 Re4) 23. f4 $2 {[%emt 0:00:16][%mdl 8192] [#] This costs White the game.} (23. Nxc7 Be5+ 24. f4 Bxf4+ $1 25. Rxf4 gxf4 26. Nd5 Qf2+ 27. Kh1 Rxe3) (23. Qd3 $16) 23... Bxd5 $1 $19 24. cxd5 gxf4 25. e4 $2 (25. Rxf4 Be5 26. Rcf1) 25... Rxe4 26. Qf3 Re3 {[%emt 0:00:07] aiming for ...Ra8.} 27. Qg2 Rg3 28. Rxf4 Rxg2+ 29. Kxg2 Be5 (29... Bh6 $142 30. Rcf1 Bxf4 31. Rxf4 Ra8 32. Rf3 Ra2 33. Rf2 Kg7 34. g5 Qd4 35. Kf1 Qe3 36. Kg2 Rxe2 37. Rxe2 Qxe2+ 38. Kg3 Kg6 39. Kf4 Kh5 40. g6 f5 41. Kg3 Kg5 42. h4+ Kxg6 43. Kh3 f4 44. h5+ Kh6 45. Kh4 Qxh5#) 30. Rf3 Qh6 31. Rxc7 Qd2 {[%emt 0:00:04][%csl LRd5,LRe2] Black mates.} 32. Rf2 Bd4 33. Rc2 Qxc2 34. Bf3 Qxf2+ 35. Kh1 Qg1# {Weighted Error Value: White=1.03/Black=0.70} 0-1

[Event "Romanian Team Blitz Open 2022"]
[Site "Sebes"]
[Date "2022.12.04"]
[Round "8.24"]
[White "Santimbrean, Bogdan-Iacob"]
[Black "Simina, Andrei-Petru"]
[Result "1-0"]
[ECO "C55"]
[WhiteElo "1179"]
[BlackElo "1033"]
[Annotator "NA COMBH"]
[PlyCount "74"]
[EventDate "2022.12.04"]
[EventType "blitz"]
[EventCountry "ROU"]
[SourceTitle "playchess.com"]
[Source "ChessBase"]
[SourceQuality "1"]
[TimeControl "180+2"]

1. e4 e5 2. Nf3 Nc6 3. Bc4 h6 4. c3 Nf6 5. d3 g6 6. Nbd2 Bg7 7. O-O d6 8. h3 Be6 9. Bb5 Bd7 10. Qe2 a6 11. Ba4 Qe7 12. Re1 O-O-O 13. Nf1 d5 14. Bxc6 Bxc6 15. exd5 Bxd5 16. Qxe5 Qxe5 17. Nxe5 Nh5 18. d4 Rhe8 19. Nh2 f6 20. Nef3 Rxe1+ 21. Nxe1 Re8 22. Bd2 f5 23. Nef3 Bxf3 24. Nxf3 Re2 25. Re1 Rxe1+ 26. Nxe1 g5 27. Nf3 Nf6 28. h4 f4 29. hxg5 hxg5 30. Nxg5 Nd5 31. Ne6 Bh6 32. c4 Nb6 33. b3 Kd7 34. Nxf4 Bxf4 35. Bxf4 Kd8 36. g4 Nd7 37. Be5 Ke7 1-0

[Event "Romanian Team Blitz Open 2022"]
[Site "Sebes"]
[Date "2022.12.04"]
[Round "8.25"]
[White "Neacsu, Mircea"]
[Black "Zaim, Marian"]
[Result "1/2-1/2"]
[ECO "E68"]
[WhiteElo "1901"]
[BlackElo "1935"]
[Annotator "TA"]
[PlyCount "122"]
[EventDate "2022.12.04"]
[EventType "blitz"]
[EventCountry "ROU"]
[SourceTitle "playchess.com"]
[Source "ChessBase"]
[SourceQuality "1"]
[TimeControl "180+2"]

1. d4 Nf6 2. Nf3 g6 3. g3 Bg7 4. Bg2 O-O 5. O-O d6 6. c4 Nbd7 7. Nc3 c6 8. e4 e5 9. dxe5 dxe5 10. Bg5 {[%emt 0:00:10] E68: King's Indian: Fianchetto: 6...Nbd7 7 0-0 e5 8 e4.} ({Better is} 10. Qc2 $11) 10... Qc7 11. Qc2 a5 {[%emt 0:00:02] [#]} (11... Nc5 $11) 12. Rac1 $146 {[%emt 0:00:08] White is slightly better.} (12. Na4 $5 ) ({Predecessor:} 12. Rad1 Nc5 13. Be3 Qe7 14. Rd2 Ng4 15. Bxc5 Qxc5 16. h3 Nf6 17. Na4 Qe7 18. Rfd1 {1-0 (39) Necke,S-Farhad,K Berlin 1997}) 12... Nc5 13. Be3 Nfd7 14. b3 Re8 15. Rfe1 Bf8 16. h4 Na6 17. Rcd1 Ndc5 18. Rd2 {[%emt 0:00:24] Prevents a4.} h6 19. Red1 Be6 20. Ne1 Rad8 21. f3 Kh7 22. Kf2 (22. Bf1 $11 {feels stronger.}) 22... Rxd2+ 23. Qxd2 b6 24. Nc2 Bc8 25. g4 (25. Kg1 $11 {keeps the balance.}) 25... Be6 26. h5 (26. Kg1 $142) 26... g5 (26... gxh5 $1 $17 {...Be7 is the strong threat.} 27. gxh5 Qe7) 27. Bf1 Be7 28. Be2 Rd8 (28... Kg8 {simplifies} 29. Kf1 Bc8 30. Bf2 Ne6) 29. Qe1 (29. Qc1 $1 $11) 29... Rxd1 (29... Nb4 $15 30. Nxb4 axb4) 30. Qxd1 $11 Qd7 31. Qxd7 Nxd7 32. Na4 Bd8 33. Bd3 f6 34. Ke2 Kg7 35. a3 Kf7 36. b4 axb4 37. axb4 Ke8 {[%emt 0:00:10] [#]} ({Black should try} 37... Be7 $14) 38. Kd2 $1 $16 Kf7 39. Kc3 c5 {[%emt 0:00:03] [#]} 40. b5 $1 Nc7 41. Bc1 Ke7 42. Ne3 Ne8 43. Nd5+ ({White should play} 43. Nf5+ Bxf5 44. exf5) 43... Bxd5 44. exd5 (44. cxd5 $16 f5 45. exf5 (45. gxf5 Ndf6 $11)) 44... Nd6 $11 45. Nb2 Nf8 (45... f5 $11) 46. Nd1 $16 {[%emt 0:00:00] White now steadily converts the win. White is clearly better.} Nd7 47. Ne3 Nf8 (47... e4 $16 {was worth a try.} 48. fxe4 (48. Bxe4 Ne5 $16) 48... Bc7) 48. Nf5+ $18 Nxf5 49. Bxf5 {[%emt 0:00:01][%mdl 4096] Endgame KBB-KBN} Bc7 50. Kd3 Bd6 51. Ke4 Kf7 52. Bc8 Bc7 53. Kf5 Bd6 54. Bd2 Bc7 55. Bc3 Bd6 56. Bb2 Bc7 57. Bb7 Bd6 58. Bc6 Bc7 59. Bc3 Bd6 60. Ke4 Bc7 61. Bb7 Bd6 {[%emt 0:00:00] Weighted Error Value: White=0.17 (very precise) /Black=0.20 (precise)} 1/2-1/2

[Event "Romanian Team Blitz Open 2022"]
[Site "Sebes"]
[Date "2022.12.04"]
[Round "8.26"]
[White "Tinta, Gheorghe"]
[Black "Badau, Iancu-Daniel"]
[Result "0-1"]
[ECO "D02"]
[WhiteElo "1855"]
[BlackElo "1792"]
[Annotator "NA COMBH"]
[PlyCount "75"]
[EventDate "2022.12.04"]
[EventType "blitz"]
[EventCountry "ROU"]
[SourceTitle "playchess.com"]
[Source "ChessBase"]
[SourceQuality "1"]
[TimeControl "180+2"]

1. d4 d5 2. Nf3 Nf6 3. g3 c5 4. Bg2 e6 5. O-O Nc6 6. c3 Be7 7. Qa4 O-O 8. Nbd2 Bd7 9. Qc2 Rc8 10. dxc5 Bxc5 11. Qd3 Qc7 12. b4 Bb6 13. Bb2 Ne5 14. Nxe5 Qxe5 15. Nf3 Qd6 16. a4 a6 17. a5 Bb5 18. Qd1 Ba7 19. c4 Rxc4 20. Bxf6 gxf6 21. Qd2 Rfc8 22. Qh6 Qf8 23. Qxf6 Qg7 24. Qe7 R4c7 25. Qh4 Rc4 26. Qh3 Rxb4 27. Rfe1 Rb2 28. Nh4 Bxe2 29. Bxd5 Bg4 30. Qg2 Rxf2 31. Qxf2 Bxf2+ 32. Kxf2 exd5 33. Rad1 Qb2+ 34. Kg1 Be6 35. Ng2 Bh3 36. Nf4 Be6 37. Rf1 Qb4 38. Rf2 0-1

[Event "Romanian Team Blitz Open 2022"]
[Site "Sebes"]
[Date "2022.12.04"]
[Round "8.27"]
[White "Denes, Attila-Norbert"]
[Black "Dumitrascu, Daniel"]
[Result "1-0"]
[ECO "B23"]
[WhiteElo "1755"]
[BlackElo "1694"]
[Annotator "NA COMBH"]
[PlyCount "81"]
[EventDate "2022.12.04"]
[EventType "blitz"]
[EventCountry "ROU"]
[SourceTitle "playchess.com"]
[Source "ChessBase"]
[SourceQuality "1"]
[TimeControl "180+2"]

1. e4 c5 2. Nc3 Nc6 3. f4 d6 4. Nf3 g6 5. Bc4 Bg7 6. O-O Bg4 7. Bxf7+ Kf8 8. Bc4 Nd4 9. Be2 Nxe2+ 10. Qxe2 a6 11. d3 b5 12. Kh1 Ke8 13. Be3 Bd7 14. e5 Qc7 15. Ne4 Bc6 16. exd6 exd6 17. Nxd6+ Kd7 18. Bxc5 Nh6 19. Ne5+ Bxe5 20. Qxe5 Rae8 21. Qg7+ Re7 22. Qxh8 Bxg2+ 23. Kxg2 Qxc5 24. Ne4 Qxc2+ 25. Nf2 Nf5 26. Qc3 Ne3+ 27. Kg1 Qe2 28. Rae1 Qf3 29. Qd4+ Ke8 30. Rxe3 Rxe3 31. Qc5 Qxf4 32. Qc8+ Kf7 33. Qg4 Qd6 34. Nd1+ Kg8 35. Nxe3 Qxd3 36. Qf3 Kg7 37. Qf7+ Kh6 38. Qf8+ Kh5 39. Qf3+ Kh6 40. Nf5+ gxf5 41. Qxd3 1-0

[Event "Romanian Team Blitz Open 2022"]
[Site "Sebes"]
[Date "2022.12.04"]
[Round "8.28"]
[White "Carac, Radu-Ionut"]
[Black "Serban, Cristian-Stefan"]
[Result "1-0"]
[ECO "D24"]
[WhiteElo "1569"]
[BlackElo "2131"]
[Annotator "TA"]
[PlyCount "69"]
[EventDate "2022.12.04"]
[EventType "blitz"]
[EventCountry "ROU"]
[SourceTitle "playchess.com"]
[Source "ChessBase"]
[SourceQuality "1"]
[TimeControl "180+2"]

1. d4 d5 2. c4 dxc4 3. e3 Bf5 4. Bxc4 e6 5. Nc3 Nf6 6. Nf3 Nbd7 7. O-O {[%emt 0:00:03] D24: Queen's Gambit Accepted: 3 Nf3 Nf6 4 Nc3.} Bb4 {[%emt 0:00:04] [#]} 8. a3 $146 (8. Qb3 {seems wilder.} c5 9. d5 Bxc3 10. dxe6 Bxe6 11. Bxe6 fxe6 12. Qxe6+ Qe7 13. Qxe7+ Kxe7 14. bxc3 Rhe8 15. Rd1) ({Predecessor:} 8. Qe2 Ne4 9. Bd3 Nxc3 10. bxc3 Bxd3 11. Qxd3 Be7 12. e4 O-O 13. Rb1 b6 14. Be3 Re8 15. Rfd1 Nf6 16. Ne5 Qc8 17. Nc6 Bf8 {½-½ (17) Arizmendi Martinez,J (2524)-Larino Nieto,D (2426) Ceuta 2008}) 8... Bxc3 9. bxc3 {[%emt 0:00:02] White is slightly better.} Qe7 10. Bd3 Bg6 11. Rb1 Nb6 (11... b6 $14) 12. Re1 O-O 13. e4 c6 (13... Bh5 $16 14. a4 a5) 14. Qb3 (14. a4 $18) 14... Rad8 (14... c5 $16) 15. a4 $18 {[%emt 0:00:05] [#] Ba3 is the strong threat.} Qc7 16. a5 {[%emt 0:00:14] Prevents c5.} (16. Ne5 $18) 16... Nc8 {[%emt 0:00:00] A mistake that costs the game.} (16... Nbd7 $16 {was necessary.}) 17. Ba3 ({Much less strong is} 17. Qxb7 $6 Qxb7 18. Rxb7 Nxe4 $18) 17... Rfe8 18. Qxb7 Qxb7 {[%emt 0:00:10] [#]} (18... Qxa5 19. Rb3 Nd6 20. Bxd6 (20. Qxc6 Ndxe4 21. Bxe4 Rc8 $16) 20... Rxd6) 19. Rxb7 Rd7 20. Rxd7 Nxd7 21. Rb1 h6 22. Rb7 Ne7 (22... Nf6 $142 23. Ne5 Bxe4) 23. Rxd7 Nc8 24. Ne5 Kh7 25. Nxf7 Bxf7 26. Rxf7 Rd8 27. e5+ Kh8 28. Be7 Re8 29. Bd6 Nxd6 30. exd6 {[%emt 0:00:01] KRB-KR. White mates.} Rd8 31. d7 a6 32. Bg6 Kg8 33. Re7 Kf8 34. Re8+ Rxe8 35. dxe8=R# {Weighted Error Value: White=0.37/Black=0.85} 1-0

[Event "Romanian Team Blitz Open 2022"]
[Site "Sebes"]
[Date "2022.12.04"]
[Round "8.29"]
[White "Baratosi, Daniel"]
[Black "Raditoiu, Laurentiu"]
[Result "1-0"]
[ECO "B10"]
[WhiteElo "2335"]
[BlackElo "1316"]
[Annotator "TA"]
[PlyCount "55"]
[EventDate "2022.12.04"]
[EventType "blitz"]
[EventCountry "ROU"]
[SourceTitle "playchess.com"]
[Source "ChessBase"]
[SourceQuality "1"]
[TimeControl "180+2"]

1. e4 d5 2. exd5 c6 3. Nf3 cxd5 4. Ne5 Nc6 5. Bb5 Bd7 6. Bxc6 {[%emt 0:00:07] B10: Caro-Kann: 2 d3 and 2 c4.} bxc6 7. O-O e6 8. Qh5 {[%emt 0:00:06][%csl Ge5][%cal Rh5f7] White has an edge.} g6 9. Qf3 $40 {[%emt 0:00:02][%csl Ge5][%cal Rf3f7][%mdl 128] White has some attack.} f6 10. Nxd7 Qxd7 11. d4 Bd6 {[%emt 0:00:09] [#]} 12. Re1 $146 ({Predecessor:} 12. c4 Kf7 13. Nc3 Ne7 14. Re1 h5 15. Bf4 Nf5 16. Rad1 g5 17. Bxd6 Qxd6 18. Qd3 {½-½ (97) Migot,T (2353)-Elgersma,O (2282) Chess.com INT 2021}) 12... O-O-O (12... Kf7 $11 {remains equal.}) 13. c4 e5 ({Black should play} 13... Ne7 $14) 14. cxd5 cxd5 ({Black should try} 14... Ne7) 15. Qxd5 $16 {[%emt 0:00:17] aiming for Qa8+.} Kb8 {[%emt 0:00:20] Prevents Qa8+.} 16. Re3 Bc7 17. Rb3+ Bb6 18. Qf3 {[%emt 0:00:07] a4 is the strong threat. White is more active.} Ne7 19. Nc3 {[%emt 0:00:04] And now a4 would win.} (19. Qxf6 $2 Qxd4 20. h4 (20. Qxe7 $2 Qd1#) 20... Nd5 $19) 19... Nc6 20. Be3 (20. Qxf6 Rhf8 21. Qg5 (21. Qh4 Nxd4 22. Rxb6+ axb6 $17) 21... Rf5 $17) (20. d5 $1 $16 Nd4 21. Rxb6+ $1 (21. Qxf6 Nxb3 22. axb3 Qd6 $11) 21... axb6 22. Qxf6) 20... f5 $2 {[%emt 0:00:13][%mdl 8192] Black cannot hold the game after this.} (20... Nxd4 $11 21. Bxd4 (21. Qxf6 Nxb3 22. axb3 Qd6 $15) 21... exd4) 21. Rd1 (21. dxe5 $142 Qb7 22. Bxb6 axb6 23. e6) 21... e4 22. Qg3+ Ka8 23. d5 {[%emt 0:00:03][%cal Oe3b6] Strongly threatening Bxb6!} Bc7 (23... Bxe3 $142 24. Qxe3 (24. fxe3 Na5 $16) 24... Na5) 24. Qh4 (24. dxc6 $2 Qxd1+ 25. Nxd1 Rxd1#) 24... Ne5 $2 (24... Bb8 25. Bg5 (25. dxc6 $2 Qxd1+ 26. Nxd1 Rxd1#) 25... Ne5 26. Bxd8 Rxd8) 25. Nb5 g5 (25... Nc6 $142 26. Nxc7+ (26. dxc6 $2 Qxd1#) 26... Qxc7) 26. Qh6 $18 ({Weaker is} 26. Qxg5 Nf3+ 27. gxf3 Rhg8 $16) 26... Ng4 {[%emt 0:00:12] [#]} 27. Qa6 ({Not} 27. Qxg5 Bxh2+ 28. Kh1 Rhg8 $14) 27... Bb6 28. Bxb6 {[%emt 0:00:07] Weighted Error Value: White=0.41/Black=0.91} 1-0

[Event "Romanian Team Blitz Open 2022"]
[Site "Sebes"]
[Date "2022.12.04"]
[Round "8.30"]
[White "Schmit, Andrei-Marian"]
[Black "Nagy-Elek, Tamas"]
[Result "0-1"]
[ECO "D02"]
[WhiteElo "1323"]
[BlackElo "1976"]
[Annotator "TA"]
[PlyCount "48"]
[EventDate "2022.12.04"]
[EventType "blitz"]
[EventCountry "ROU"]
[SourceTitle "playchess.com"]
[Source "ChessBase"]
[SourceQuality "1"]
[TimeControl "180+2"]

1. d4 d5 2. Nf3 Nf6 3. Bf4 c5 4. c3 Nc6 5. e3 Qb6 6. Qb3 c4 7. Qxb6 axb6 8. Be2 b5 9. Nbd2 e6 {[%emt 0:00:07] D02: 1 d4 d5 2 Nf3 sidelines, including 2...Nf6 3 g3 and 2...Nf6 3 Bf4.} 10. O-O b4 11. Rfc1 {[%emt 0:00:22] [#]} Be7 $146 (11... b5 $15) ({Predecessor:} 11... Bd7 12. Ne5 Be7 13. g4 h6 14. f3 g5 15. Bg3 b5 16. Kg2 h5 17. h3 Ra7 18. Nxc6 Bxc6 {½-½ (34) Dermitzakis,P (1776)-Loukopoulos,P (2031) Athens 2021}) 12. Ne5 ({White should try} 12. cxb4 $11 Bxb4 13. a3) 12... O-O 13. Nxc6 bxc6 14. cxb4 Bxb4 15. a3 $2 {[%emt 0:00:02][%mdl 8192] [#] White does not recover from this.} Bxd2 $19 {[%emt 0:00:01] Black is clearly winning.} 16. Rc2 Bb4 17. Rac1 Be7 18. f3 Bd7 19. Kf2 Nh5 {[%emt 0:00:11] [#] Hoping for ...Nxf4.} 20. Bg3 Nxg3 21. hxg3 Rfb8 22. e4 Rb7 23. Ke3 Rab8 24. Rb1 Bxa3 {[%emt 0:00:02] Weighted Error Value: White=0.85/Black=0.13 (very precise)} 0-1

[Event "Romanian Team Blitz Open 2022"]
[Site "Sebes"]
[Date "2022.12.04"]
[Round "8.31"]
[White "Chiheri, Alexandru-Virgil"]
[Black "Topircean, Ioan"]
[Result "1-0"]
[ECO "C42"]
[WhiteElo "1937"]
[BlackElo "1290"]
[Annotator "TA"]
[PlyCount "37"]
[EventDate "2022.12.04"]
[EventType "blitz"]
[EventCountry "ROU"]
[SourceTitle "playchess.com"]
[Source "ChessBase"]
[SourceQuality "1"]
[TimeControl "180+2"]

1. e4 e5 2. Nf3 Nf6 3. Nxe5 Qe7 4. d4 Nxe4 5. Bd3 Nf6 {[%emt 0:00:10] [#] Strongly threatening ...d6.} 6. O-O {[%emt 0:00:03][%cal Bh1f1,Bf1e1,Be1e8,Be8h8][%mdl 32] C42: Petroff Defence: 3 Nxe5 and unusual White 3rd moves.} d6 (6... Nc6 $2 7. Re1 Nxd4 {[#]} 8. Nxf7 $1 Kxf7 9. Rxe7+ Bxe7 10. Nd2 $18) 7. Nf3 {[%emt 0:00:01][%cal Be5f3,Bf3g5,Bg5e6,Be6g7][%mdl 32] [#] aiming for Re1.} Be6 $146 (7... Qd8 $142) ({Predecessor:} 7... Bg4 8. Re1 Be6 9. c4 c6 10. Nc3 Qc7 11. d5 cxd5 12. cxd5 Nxd5 13. Nxd5 Qd7 {1-0 (24) Jarabinsky,M (2280)-Arango Marin,S (809) LSS email 2015}) 8. c4 {[%emt 0:00:02] Threatens to win with d5. White is clearly better.} c6 {[%emt 0:00:03] Prevents d5.} (8... Qd7 $16 {keeps fighting.} 9. Re1 (9. d5 Bg4 $16) 9... Be7) 9. Nc3 d5 (9... Qd8 $142 10. d5 Bg4) 10. Re1 Qc7 $2 (10... dxc4 {is a better chance.} 11. Bxc4 Bxc4) 11. Ng5 $18 Ng4 12. Qxg4 {[%emt 0:00:02] Active counter play!} h5 13. Nxe6 Qd6 14. Nxg7+ {[%emt 0:00:21] White mates.} Kd8 15. Re8+ Kc7 16. Qc8+ Kb6 17. c5+ Qxc5 18. dxc5+ Bxc5 19. Rxh8 {[%emt 0:01:53] Black did not feel at home in the position after the opening.   Weighted Error Value: White=0.11 (very precise) /Black=1.01} 1-0